 Dungeon Crawl Stone Soup version 0.29.0-11-gd7f09526c8 (webtiles) character file.

Game seed: 15810248817333512377

117 SensoryNuts the Stinger (level 4, -2/30 HPs)
             Began as a Demonspawn Venom Mage on Sept 6, 2022.
             Killed by nerve-wracking pain
             ... invoked by an orc priest
              (13 damage)
             ... on level 4 of the Dungeon.
             The game lasted 00:04:05 (3818 turns).

SensoryNuts the Stinger (Demonspawn Venom Mage)     Turns: 3818, Time: 00:04:05

Health: -2/30      AC: 10    Str:  8    XL:     4   Next: 71%
Magic:  1/8        EV: 10    Int: 18    God:
Gold:   183        SH:  0    Dex: 14    Spells: 5/8 levels left

rFire   . . .      SeeInvis .   h - +1 dagger
rCold   . . .      Faith    .   e - orb {*Rage}
rNeg    . . .      Spirit   .   n - quicksilver dragon scales
rPois   .          Reflect  .   (no helmet)
rElec   .          Harm     .   (no cloak)
rCorr   .          Rampage  .   p - +0 pair of gloves
Will    +....      Rage     20% (no boots)
Stlth   +.........              (no amulet)
HPRegen 0.10/turn               (no ring)
MPRegen 0.11/turn               (no ring)

@: on berserk cooldown
A: demonic magic 1
a: no special abilities


You were on level 4 of the Dungeon.
You visited 1 branch of the dungeon, and saw 4 of its levels.

You collected 183 gold pieces.

Inventory:

Hand Weapons
 h - a +1 dagger (weapon)
 k - a +0 hand axe of freezing
Armour
 e - an orb of wrath (worn)
 n - quicksilver dragon scales (worn)
 p - a +0 pair of gloves (worn)
Jewellery
 a - a ring of flight
 j - a ring of positive energy
Scrolls
 d - 2 scrolls of poison
 o - a scroll of noise
Potions
 c - a potion of brilliance
 f - 3 potions of flight
 g - a potion of heal wounds
 i - a potion of resistance
 m - a potion of attraction


   Skills:
 + Level 0.3 Fighting
 + Level 0.3 Short Blades
 + Level 0.6 Armour
 + Level 2.0 Dodging
 + Level 2.3 Stealth
 + Level 2.7 Spellcasting
 + Level 2.0 Transmutations
 + Level 3.7 Poison Magic


You had 5 spell levels left.
You knew the following spells:

 Your Spells              Type           Power      Damage    Failure   Level
a - Sting                 Tmut/Pois      48%        1d5       16%         1
b - Poisonous Vapours     Pois/Air       18%        N/A       36%         2

Your spell library contained the following spells:

 Spells                   Type           Power      Damage    Failure   Level
 Shock                    Conj/Air       8%         1d3       45%         1
 Ignite Poison            Fire/Tmut/Pois 9%         N/A       56%         3
 Mephitic Cloud           Conj/Pois/Air  6%         N/A       67%         3
 Olgreb's Toxic Radiance  Pois           15%        N/A       73%         4
 Conjure Flame            Conj/Fire      2%         6-21      83%         3
 Swiftness                Air            2%         N/A       83%         3
 Airstrike                Air            1%         2d(1-17)  99%         4
 Sticky Flame             Conj/Fire      2%         2d3       99%         4


Dungeon Overview and Level Annotations

Branches:
Dungeon (4/15)
 Temple: D:4-7

Altars:
Xom


Innate Abilities, Weirdness & Mutations

Spells you cast may paralyse adjacent enemies.


Message History

The sting hits the orc.
The orc looks even sicker.
You kill the orc!
Malevolent energies surge around you.
The sting hits the orc priest.
The orc priest looks even sicker.
The orc priest is moderately wounded.
Malevolent energies surge around you.
The orc priest hits you but does no damage.
The orc priest looks satisfied for a moment.
The orc priest hits you but does no damage.
You are out of magic!
You are out of magic!
You are out of magic!
You hit the orc priest.
The orc priest is almost dead.
You feel yourself speed up. The orc priest barely misses you.
The orc priest calls upon Beogh to heal the orc priest.
The orc priest is healed somewhat.
You hit the orc priest but do no damage.
The orc priest is heavily wounded.
The orc priest barely misses you.
You barely miss the orc priest.
The orc priest is severely wounded.
The orc priest calls down the wrath of Beogh upon you.
Beogh smites you!
The orc priest hits you but does no damage.
You are too injured to fight recklessly!
You are too injured to fight recklessly!
You are too injured to fight recklessly!
You hit the orc priest.
The orc priest is almost dead.
You kill the orc priest!
Your Transmutations skill increases to level 2!
You hit the orc priest but do no damage.
The orc priest hits you but does no damage.
You hit the orc priest.
The orc priest is moderately wounded.
The orc priest mumbles some strange prayers to Beogh against you.
Pain shoots through your body!
You die...

*,,,,,,,,,,* #.# *,,,,,,
**,,,,,,,*,,* ##.## *,*****
,,,,,,,,,*,,########...## *,*****
**,,,,,,,#...........#..# *,,,,,*
,*.#######..########†...# *****,*
,*......,...# ##.#.# *,*
,,.._...##..# #†#.# *,*
,,..........#########.#.# *,*
_,......_..o#.oo@.....#.# *,*
,,........o.#.#########.# *,*
,,.._....o.o).# #.# *,*
,,.........#### ##.## *,*
_,......_..# ***#####...######.#
,,.........#* *,,.........>.....#
*,.._...#...***,*#####...########
**........#..,,,* ####.######
*....###...###.####.........#


You could see an orc priest and an orc.

Vanquished Creatures
  An orc priest (D:4)
  An adder (D:3)
  An ufetubus (D:4)
  3 dart slugs
  3 orcs (D:4)
  3 bats
  3 endoplasms
  3 giant cockroaches
  5 goblins
  2 hobgoblins (D:1)
  14 jackals
  4 kobolds
  4 ball pythons
  10 frilled lizards
  2 rats
59 creatures vanquished.

Vanquished Creatures (others)
  A demonic plant (D:2)
  4 plants (D:1)
5 creatures vanquished.

Grand Total: 64 creatures vanquished

Notes
Turn   | Place    | Note
-------+----------+-------------------------------------------
     0 | D:1      | SensoryNuts the Demonspawn Venom Mage began the quest for
                  | the Orb.
     0 | D:1      | Reached XP level 1. HP: 13/13 MP: 3/3
   403 | D:1      | Reached skill level 1 in Transmutations
   880 | D:1      | Gained mutation: Spells you cast may paralyse adjacent
                  | enemies. [demonic ancestry]
   880 | D:1      | Reached XP level 2. HP: 18/19 MP: 0/5
  1406 | D:2      | Found a faded altar of an unknown god.
  2001 | D:2      | Reached XP level 3. HP: 24/24 MP: 3/6
  2212 | D:2      | Learned a level 2 spell: Poisonous Vapours
  3762 | D:4      | Found a shimmering altar of Xom.
  3766 | D:4      | Found a shimmering altar of Xom.
  3772 | D:4      | Reached XP level 4. HP: 30/30 MP: 2/7
  3780 | D:4      | Found a shimmering altar of Xom.
  3780 | D:4      | Found a shimmering altar of Xom.
  3780 | D:4      | Found a shimmering altar of Xom.
  3818 | D:4      | Killed from afar by an orc priest

Illustrated notes

Levels and vault maps discovered:
D:1:      dpeg_arrival_rooms_c, layout_loops_ring, st_stairs_12,
          minmay_lizard_king
D:2:      layout_loops_ring, shapermc_ecumenical_altar_gd
D:3:      layout_basic
D:4:      layout_loops_ring, nicolae_xom_altar_mimics, serial_shops,
          kennysheep_mini_moat, lightli_ossuary_entry_decrepit_ruins,
          minmay_misc_feat_rows, dk_noncrumbling_4, nicolae_shop_vocational,
          uniq_menkaure

Skill      XL: |  1  2  3  4 |
---------------+-------------+-----
Transmutations | 1 2 |  2.0
Stealth        | 2 |  2.3
Dodging        | 2 |  2.0
Fighting       | |  0.3
Short Blades   | |  0.3
Armour         | |  0.6
Spellcasting   | |  2.7
Poison Magic   | |  3.7

Action                   |  1- 3 |  4- 6 || total
-------------------------+-------+-------++-------
Melee: Unarmed           |     7 |       ||     7
       Dagger            |    40 |    21 ||    61
 Cast: Sting             |    63 |    11 ||    74
       Poisonous Vapours |     1 |       ||     1
  Use: Scroll            |    13 |       ||    13
       Potion            |       |     2 ||     2
 Stab: Paralysed         |     3 |     1 ||     4
Armor: Robe              |     5 |       ||     5
       Quicksilver drago |    20 |    43 ||    63
Dodge: Dodged            |    33 |    42 ||    75
